 Dungeon Crawl Stone Soup version 0.31-a0-229-g1fc7ce93e2 (webtiles) character file.

Game seed: 16900014209786222545

32 spardeous the Ducker (level 3, 14/14 HPs)
             Began as a Felid Earth Elementalist on July 7, 2023.
             Was an Initiate of Gozag.
             Got out of the dungeon alive.
             The game lasted 00:03:32 (1449 turns).

spardeous the Ducker (Felid Earth Elementalist)     Turns: 1449, Time: 00:03:33

Health: 14/14      AC:  1    Str:  4    XL:     3   Next: 8%
Magic:  7/7        EV: 19    Int: 18    God:    Gozag
Gold:   82         SH:  0    Dex: 16    Spells: 2/6 levels left
                                        Lives:  0   Deaths: 1

rFire   . . .        (weapon unavailable)
rCold   . . .        (shield unavailable)
rNeg    . . .        (body armour unavailable)
rPois   .            (helmet unavailable)
rElec   .            (cloak unavailable)
rCorr   .            (gloves unavailable)
SInv    +            (boots unavailable)
Will    .....        (no amulet)
Stlth   ++           (no ring)
HPRegen 0.22/turn    (no ring)
MPRegen 0.10/turn

%: no passive effects
@: quick
A: very small, claws 1, fangs 3, see invisible, speed 1, shaggy fur 1, stealthy
paws, no weapons or thrown items, no armour, multi-lived
a: Renounce Religion, Potion Petition, Call Merchant, Bribe Branch


You escaped.
You worshipped Gozag.
Gozag was noncommittal.
You visited 1 branch of the dungeon, and saw 4 of its levels.

You collected 117 gold pieces.
You paid 35 gold pieces to Gozag.

Inventory:

Jewellery
 i - a ring of fire
Scrolls
 c - 4 scrolls of vulnerability {unknown}
 d - a scroll of identify {unknown}
 e - a scroll of noise {unknown}
 f - a scroll of enchant armour {unknown}
 j - a scroll of brand weapon {unknown}
 k - a scroll of revelation {unknown}
Potions
 a - a potion of magic
 b - 2 potions of might {unknown}
 g - a potion of curing {unknown}
 h - a potion of heal wounds {unknown}
 l - a potion of resistance {unknown}
 m - a potion of haste {unknown}


   Skills:
 + Level 4.6 Dodging
 - Level 2.6 Stealth
 - Level 2.0 Spellcasting
 - Level 1.1 Transmutations
 + Level 3.7 Earth Magic


You had 2 spell levels left.
You knew the following spells:

 Your Spells              Type           Power      Damage    Failure   Level
a - Sandblast             Erth           30%        2d9       4%          1
b - Stone Arrow           Conj/Erth      16%        3d8       26%         3

Your spell library contained the following spells:

 Spells                   Type           Power      Damage    Failure   Level
 Passwall                 Tmut/Erth      8%         N/A       11%         2
 Petrify                  Tmut/Erth      10%        N/A       56%         4


Dungeon Overview and Level Annotations

Branches:
Dungeon (4/15)
 Temple: D:4-7

Altars:
Gozag

Annotations:
D:3 Robin


Innate Abilities, Weirdness & Mutations

You have sharp claws.
You have razor-sharp teeth.
You have supernaturally acute eyesight. (SInv)
You cover ground quickly. (Speed+)
You are covered in fur. (AC +1)
Your paws help you pounce on unaware monsters.
You are incapable of wielding weapons or throwing items.
You cannot wear armour.
You gain extra lives every three experience levels.


Message History

Robin throws the goblin at you! The white imp gestures at you.
The puff of frost hits you!
Ouch! That really hurt!
* * * LOW HITPOINT WARNING * * *
The goblin misses you. The goblin hits you with a +0 dagger.
You die...
You are now level 3!
You rejoin the land of the living...
Found an escape hatch in the ceiling.
There is an escape hatch in the ceiling here.
You now have 82 gold pieces (gained 6).
A hobgoblin comes into view.
The hobgoblin moves out of view.
A hobgoblin is nearby!
A hobgoblin comes into view.
Saving game... please wait.
Level annotation: Robin Welcome back, spardeous the Felid Earth Elementalist.
Gozag says: Greed is good.
Press ? for a list of commands and other information.
(D) Dungeon
Where to? (? - help)
A goblin is nearby!
There is an escape hatch in the ceiling here.
A mysterious force pulls you upwards. The hatch slams shut behind you.
(D) Dungeon
Where to? (Enter - D:2, ? - help)
You see here an adder skeleton.
There is a stone staircase leading up here.
You climb upwards.
There is a stone staircase leading down here.
(D) Dungeon
Where to? (Enter - D:1, ? - help)
Okay, then.
You open the door.
There is an open door here.
There is a staircase leading out of the dungeon here.
Are you sure you want to leave the Dungeon?
This will make you lose the game!
You have escaped!

#.######## ########........
##'......####......'##....#$
#........##........###.....
#...##...##...##...# ##.##.
#..####..##..####..# ....
#..# ##..##..## #..# ....
#...##...##...##...# #..#
#..................# ...
##........@.......##
######..##..###### #..##..#
.......... ............
.##...##...##.. ##..##..## .
..#


There were no monsters in sight!

Vanquished Creatures
  2 adders (D:2)
  A worm (D:2)
  2 dart slugs
  An orc (D:3)
  A ball python (D:2)
  3 endoplasms
  3 giant cockroaches
  4 goblins
  9 hobgoblins
  3 jackals (D:1)
  3 quokkas
  6 bats
  A frilled lizard (D:2)
  4 rats
43 creatures vanquished.

Notes
Turn   | Place    | Note
-------+----------+-------------------------------------------
     0 | D:1      | spardeous the Felid Earth Elementalist began the quest for
                  | the Orb.
     0 | D:1      | Reached XP level 1. HP: 7/7 MP: 4/4
   102 | D:1      | Reached skill level 3 in Dodging
   116 | D:1      | Reached XP level 2. HP: 8/11 MP: 0/6
   593 | D:2      | Reached skill level 4 in Dodging
   593 | D:2      | Reached XP level 3. HP: 14/14 MP: 4/7
   860 | D:3      | Learned a level 3 spell: Stone Arrow
   992 | D:3      | Found an opulent altar of Gozag.
  1019 | D:3      | Became a worshipper of Gozag Ym Sagoz the Greedy
  1119 | D:3      | Reached XP level 4. HP: 18/18 MP: 6/8
  1313 | D:3      | You fall into a shaft and drop 1 floor!
  1349 | D:3      | Noticed Robin
  1357 | D:3      | Slain by a goblin
  1358 | D:3      | Reached XP level 3. HP: 0/14 MP: 2/7
  1449 | D:$      | Got out of the dungeon alive.

Illustrated notes

Levels and vault maps discovered:
D:1:      minmay_arrival_four_loops, layout_rooms, basic_ecumenical_altar,
          minmay_misc_feat_secret_circle, minmay_misc_feat_tiny,
          serial_park_tiny_1, minmay_misc_feat_iff,
          hangedman_abyss_or_decor_lesser_grid
D:2:      layout_rooms, uniq_crazy_yiuf_cottage
D:3:      layout_loops_ring, lemuel_crystal_altar,
          nicolae_wu_jian_immortal_techniques, serial_shops,
          nicolae_shop_hallway_plus, kennysheep_crisscross, skrybe_limestone_x,
          minmay_misc_feat_hallway, nicolae_elevator_lobby_plus, uniq_robin
D:4:      layout_cave_pools, minmay_small_thing, uniq_ijyb, uniq_pikel

Skill      XL: |  1  2 |
---------------+-------+-----
Dodging        | 3 4 |  4.6
Earth Magic    | 3 |  3.7
Stealth        | |  2.6
Spellcasting   | |  2.0
Transmutations | |  1.1

Action                     |  1- 3 |  4- 6 || total
---------------------------+-------+-------++-------
  Melee: Unarmed           |     7 |       ||     7
   Cast: Sandblast         |    56 |     9 ||    65
 Armour: Skin              |     1 |     3 ||     4
  Dodge: Dodged            |    26 |     6 ||    32

Table legend: (Time is in decaauts)
 A = Elapsed time spent in this place.
 B = Non-inter-level travel time spent in this place.
 C = Inter-level travel time spent in this place.
 D = Time resting spent in this place.
 E = Time spent auto-exploring this place.
 F = Levels seen in this place.
 G = Mean time per level.
                   A        B        C        D        E       F      G
               +--------+--------+--------+--------+--------+-----+--------+
         Total |   1319 |   1280 |     39 |     84 |    832 |   4 |  329.8 |
       Dungeon |   1319 |   1280 |     39 |     84 |    832 |   4 |  329.8 |
               +--------+--------+--------+--------+--------+-----+--------+

Top non-repeatable levels by time:
     D:2: 539 daAuts
     D:3: 503 daAuts
     D:1: 265 daAuts
     D:4: 10 daAuts
